 Dungeon Crawl Stone Soup version 0.19.0-22-gd96e5fe (webtiles) character file.

267 Alakolaz the Covert (level 6, 0/30 HPs)
             Began as a Spriggan Assassin on Nov 19, 2016.
             Was an Initiate of Makhleb.
             Succumbed to a scorpion's poison
             ... on level 4 of the Dungeon.
             The game lasted 00:11:55 (3787 turns).

Alakolaz the Covert (Spriggan Assassin)             Turns: 3787, Time: 00:11:56

Health: 0/30       AC:  4    Str:  8    XL:     6   Next: 0%
Magic:  6/7        EV: 20    Int: 18    God:    Makhleb [......]
Gold:   213        SH:  0    Dex: 19    Spells: 0 memorised, 5 levels left

rFire  . . .     SeeInvis +     a - +2 dagger
rCold  . . .     Gourm    .     c - +0 robe
rNeg   . . .     Faith    .     (shield restricted)
rPois  .         Spirit   .     (helmet restricted)
rElec  .         Reflect  .     d - +0 cloak
rCorr  .         Harm     .     (gloves unavailable)
MR     +....                    (boots unavailable)
Stlth  ++++......               w - amulet "Jogeexus" {Inacc *Drain Int+6}
                                (no ring)
                                (no ring)

@: lethally poisoned (0 -> -11), very quick
A: unfitting armour, see invisible, herbivore 3, speed 3, shaggy fur 1, slow
metabolism 2
a: Renounce Religion


You were on level 4 of the Dungeon.
You worshipped Makhleb.
Makhleb was noncommittal.
You were full.

You visited 1 branch of the dungeon, and saw 4 of its levels.

You collected 213 gold pieces.

Inventory:

Hand Weapons
 a - a +2 dagger (weapon)
 b - a +0 blowgun
Missiles
 e - 21 poisoned needles
 f - 8 curare-tipped needles
Armour
 c - a +0 robe (worn)
 d - a +0 cloak (worn)
Jewellery
 w - the amulet "Jogeexus" (around neck) {Inacc *Drain Int+6}
   (You found it on level 4 of the Dungeon)

   [amulet of inaccuracy]

   It reduces the accuracy of all your attacks.
   It affects your intelligence (+6).
   It causes draining when unequipped.
Scrolls
 i - 3 scrolls of remove curse {unknown}
 j - a scroll of fear {unknown}
 l - 2 scrolls of recharging {unknown}
 m - a scroll of identify {unknown}
 n - a scroll of immolation {unknown}
 q - a scroll of magic mapping {unknown}
 r - a scroll of teleportation {unknown}
 u - a scroll of fog {unknown}
 v - a scroll of random uselessness {unknown}
 x - a scroll of enchant weapon {unknown}
Potions
 h - 2 potions of curing {unknown}
 k - 2 potions of might {unknown}
 o - a potion of lignification {unknown}
 p - a potion of mutation
 s - a potion of heal wounds {unknown}
 t - a potion of resistance {unknown}
Comestibles
 g - 3 bread rations


   Skills:
 + Level 2.0 Fighting
 * Level 4.6 Short Blades
 - Level 2.0 Throwing
 * Level 4.0 Dodging
 + Level 8.0 Stealth


You had 5 spell levels left.
You didn't know any spells.

Dungeon Overview and Level Annotations

Branches:
Dungeon (4/15)
 Temple: D:4-7

Altars:
Makhleb
Nemelex Xobeh
Zin

Annotations:
D:3 Killashandra's ghost, amateur TrFi
D:4 vev's ghost, amateur VSCK


Innate Abilities, Weirdness & Mutations

You are very small and have problems with some larger weapons.
You are too small for most types of armour.
You have supernaturally acute eyesight. (SInv)
You are a herbivore.
You cover ground extremely quickly.
You need consume almost no food.
You are covered in fur. (AC +1)


Message History

* * * LOW HITPOINT WARNING * * *
You feel sick.
* * * LOW HITPOINT WARNING * * *
You feel sick.
* * * LOW HITPOINT WARNING * * *
You feel sick.
* * * LOW HITPOINT WARNING * * *
You feel sick.
* * * LOW HITPOINT WARNING * * *
You feel sick.
* * * LOW HITPOINT WARNING * * *
You feel sick.
* * * LOW HITPOINT WARNING * * *
You feel sick.
Wield which item (- for none, * to show all)? (? for menu, Esc to quit)
Okay, then.
It was a potion of mutation.
You feel extremely strange. Fur sprouts all over your body.
You feel less energetic.
You feel more energetic.
You die...

#...................# .#
###########..........###.#
#.......# #..............####
#.......# #.........#........
#.......# #.........+........
#.......# #.........#........
#.......###.........#........
+...................#........
#.......###.@.......#........
#.......# #.#................
#.......# #.#................
#.......# #.#...s....########
######### #.#........#
#.#........# #.#####+#### #.


You could see a scorpion.

Vanquished Creatures
  A centaur (D:3)
  An orc priest (D:3)
  A worker ant (D:4)
  A gnoll (D:1)
  3 adders (D:2)
  An ooze (D:3)
  An adder skeleton (D:4)
  4 worms
  A dart slug (D:2)
  2 leopard geckos
  6 orcs (D:3)
  A ball python (D:2)
  2 giant cockroaches
  10 goblins
  6 hobgoblins
  4 jackals (D:2)
  5 kobolds
  9 bats
  4 frilled lizards
  10 rats
73 creatures vanquished.

Notes
Turn   | Place    | Note
-------+----------+-------------------------------------------
     0 | D:1      | Alakolaz the Spriggan Assassin began the quest for the Orb.
     0 | D:1      | Reached XP level 1. HP: 10/10 MP: 2/2
    44 | D:1      | Reached skill level 6 in Stealth
   312 | D:1      | Reached XP level 2. HP: 14/14 MP: 3/3
   659 | D:2      | Reached XP level 3. HP: 18/18 MP: 4/4
   811 | D:2      | Reached skill level 7 in Stealth
   973 | D:2      | Reached XP level 4. HP: 22/22 MP: 5/5
  1537 | D:3      | HP: 1/22 [orc priest/divine providence (14)]
  2107 | D:3      | Found a sparkling altar of Nemelex Xobeh.
  2107 | D:3      | Found a glowing silver altar of Zin.
  2375 | D:3      | Reached XP level 5. HP: 24/26 MP: 6/6
  2378 | D:3      | Noticed Killashandra's ghost (amateur TrFi)
  2501 | D:3      | Found a burning altar of Makhleb.
  2526 | D:3      | Became a worshipper of Makhleb the Destroyer
  2642 | D:3      | Noticed a centaur
  3052 | D:3      | Killed a centaur
  3052 | D:3      | Reached skill level 8 in Stealth
  3685 | D:4      | Noticed vev's ghost (amateur VSCK)
  3716 | D:4      | Reached XP level 6. HP: 27/30 MP: 7/7
  3723 | D:4      | Got a heavily runed ivory amulet
  3724 | D:4      | Identified the amulet "Jogeexus" {Inacc *Drain Int+6} (You found it on level 4 of the Dungeon)
  3785 | D:4      | HP: 1/30 [poisoned by a scorpion]
  3787 | D:4      | Gained mutation: You are covered in fur. (AC +1) [potion of mutation]
  3787 | D:4      | Gained mutation: Your magical capacity is low. (-10% MP) [potion of mutation]
  3787 | D:4      | Lost mutation: Your magical capacity is low. (-10% MP) [potion of mutation]
  3787 | D:4      | Succumbed to a scorpion's poison

Skill      XL: |  1  2  3  4  5 |
---------------+----------------+-----
Stealth        | 6 7 8 |  8.0
Dodging        | 2 3 4 |  4.0
Short Blades   | 3 4 |  4.6
Fighting       | 2 |  2.0
Throwing       | |  2.0

Action                   |  1- 3 |  4- 6 || total
-------------------------+-------+-------++-------
Melee: Dagger            |    83 |   183 ||   266
 Fire: Blowgun           |       |    19 ||    19
  Use: Potion            |       |     1 ||     1
 Stab: Sleeping          |    20 |     7 ||    27
       Distracted        |       |     2 ||     2
  Eat: Bread ration      |       |     1 ||     1
Armor: Robe              |    12 |    13 ||    25
Dodge: Dodged            |    52 |   132 ||   184
